 Dungeon Crawl Stone Soup version 0.30-a0-1124-g6e8f0f562f (webtiles) character file.

Game seed: 17554543252571884123

2499 HoaS the Skirmisher (level 9, -9/56 (61) HPs)
             Began as a Formicid Hunter on Apr 23, 2023.
             Mangled by Maggie
             ... wielding the +9 lance "Wyrmbane" {slay drac, rPois rF+ rC+ AC+3}
              (13 damage)
             ... on level 8 of the Dungeon.
             The game lasted 00:18:56 (6203 turns).

HoaS the Skirmisher (Formicid Hunter)               Turns: 6203, Time: 00:18:57

HP:   -9/56 (61)    AC:  7    Str: 15    XL:     9   Next: 82%
MP:   9/9           EV: 12    Int: 10    God:
Gold: 247           SH:  6    Dex: 27    Spells: 8/8 levels left

rFire   + . .        a - +2 shortbow
rCold   + . .        m - +0 buckler {reflect}
rNeg    . . .        c - +0 leather armour
rPois   .            (helmet unavailable)
rElec   .            l - scarf {rC+ rF+}
rCorr   .            u - +1 pair of gloves
SInv    +            p - +1 pair of boots {Stlth+}
Will    +....        h - amulet of the acrobat
Stlth   +++          r - +6 ring of dexterity
HPRegen 0.29/turn    n - ring of willpower
MPRegen 0.11/turn

%: reflection, acrobat
@: drained
A: permanent stasis, dig shafts and tunnels, antennae 3, four strong arms
a: Dig, Shaft Self


You were on level 8 of the Dungeon.
You visited 1 branch of the dungeon, and saw 8 of its levels.
You also visited: Ossuary.

You collected 397 gold pieces.
You spent 150 gold pieces at shops.

Inventory:

Hand Weapons
 a - a +2 shortbow (weapon)
Missiles
 q - 7 throwing nets
Armour
 c - a +0 leather armour (worn)
 l - a scarf of resistance (worn)
 m - a +0 buckler of reflection (worn)
 p - a +1 pair of boots of stealth (worn)
 u - a +1 pair of gloves (worn)
Jewellery
 d - a ring of protection from cold
 h - an amulet of the acrobat (around neck)
 n - a ring of willpower (right hand)
 r - a +6 ring of dexterity (left hand)
Wands
 k - a wand of polymorph (13)
 o - a wand of flame (7)
Scrolls
 b - 3 scrolls of immolation
 e - 2 scrolls of identify
 g - 5 scrolls of magic mapping
 i - 2 scrolls of fog
 w - 2 scrolls of fear
Potions
 j - a potion of resistance
 v - 2 potions of attraction {unknown}


   Skills:
 - Level 2.1 Fighting
 * Level 12.9 Ranged Weapons
 - Level 1.7 Dodging
 - Level 1.2 Stealth
 - Level 3.0 Shields


You had 8 spell levels left.
You didn't know any spells.
Your spell library contained the following spells:

 Spells                   Type           Power      Damage    Failure   Level
 Gell's Gravitas          Tloc           0%         N/A       88%         3
 Teleport Other           Tloc           0%         N/A       88%         3
 Summon Ice Beast         Ice/Summ       0%         N/A       99%         4
 Summon Mana Viper        Hex/Summ       0%         N/A       100%        5
 Dispersal                Tloc           0%         N/A       100%        6
 Monstrous Menagerie      Summ           0%         N/A       100%        7


Dungeon Overview and Level Annotations

Branches:
Dungeon (7/15)               Lair (0/5) D:8         Ossuary (visited)
 Temple: D:4-7

Altars:

Shops:
D:2 ?[[[=

Annotations:
D:8 Maggie


Innate Abilities, Weirdness & Mutations

You cannot be hasted, slowed, berserked, paralysed or teleported.
You can dig through walls and to a lower floor.
You have a pair of large antennae on your head. (SInv)
Your four strong arms can wield two-handed weapons with a shield.


Message History

You hear an angry hiss.
You shoot an arrow. The arrow hits Maggie.
Maggie is heavily wounded.
Maggie misses you.
You shoot an arrow. The arrow hits Maggie!
Maggie is severely wounded.
You block Maggie's attack.
You shoot an arrow.
The arrow hits Maggie but does no damage.
Maggie is heavily wounded.
Maggie hits you with the +9 lance "Wyrmbane" {slay drac, rPois rF+ rC+ AC+3}.
You shoot an arrow. The arrow barely misses Maggie.
Maggie hits you with the +9 lance "Wyrmbane" {slay drac, rPois rF+ rC+ AC+3}!
You hear a bellow!
You are too injured to fight recklessly!
You are too injured to fight recklessly!
You are too injured to fight recklessly!
Okay, then.
You shoot an arrow. The arrow hits Maggie!
Maggie is severely wounded.
Maggie casts a spell at you. The bolt of fire hits you! You resist.
* * * LOW HITPOINT WARNING * * *
You shoot an arrow. The arrow hits Maggie!
Maggie is almost dead.
You hear a bellow!
You hear an angry hiss.
You block Maggie's attack.
You hear a bellow! x2
You shoot an arrow.
The arrow hits Maggie but does no damage.
Maggie is almost dead.
Maggie hits you with the +9 lance "Wyrmbane" {slay drac, rPois rF+ rC+ AC+3}!
* * * LOW HITPOINT WARNING * * *
You feel better.
Maggie hits you with the +9 lance "Wyrmbane" {slay drac, rPois rF+ rC+ AC+3}!
* * * LOW HITPOINT WARNING * * *
You shoot an arrow. The arrow closely misses Maggie.
You hear an angry hiss.
You hear a bellow!
Maggie hits you with the +9 lance "Wyrmbane" {slay drac, rPois rF+ rC+ AC+3}!
You die...

,~~~~~~,,*#.*#.##.#
~≈~~~≈..?##.##.##.#
,~~~@~~...#.......#
~.~≈~~..Y.####.####
~.~.......####.#
,.........{....#
,,#.......###.##
,##.......###.####
,..........{..{#@#
,##.###.####..#@##
,**,**#.***#..###
,,,,,,..,,....#
,*,**.##*.##..#
,,,,..,..,,Y.$#
,*{#g**.*,##..#
,*,..,,,,,*#.##
,,,,,,*,*,,,,*


You could see Maggie.

Vanquished Creatures
  Grinder (D:3)
  A yak (D:5)
  Sigmund (D:2)
  Menkaure (D:4)
  Edmund (D:5)
  An orc warrior (D:6)
  2 ice beasts
  2 ogres (D:6)
  A centaur (D:7)
  A bullfrog (D:6)
  2 phantoms (D:6)
  2 scorpions
  A howler monkey (D:4)
  3 hounds
  2 orc priests
  A gnoll bouda (D:6)
  A jelly (D:5)
  Jessica (D:3)
  A sleepcap (D:5)
  3 iguanas
  Ijyb (D:4)
  Natasha (thrice) (D:3)
  2 mummies
  21 gnolls
  5 adders
  A white imp (D:8)
  4 worms
  5 dart slugs
  11 orcs
  5 spectral bats (Ossuary)
  9 endoplasms
  2 giant cockroaches
  12 gnoll zombies (Ossuary)
  5 goblins
  12 hobgoblins
  9 jackals
  3 quokkas
  8 ball pythons
  4 bats
  4 bat simulacra (Ossuary)
  3 frilled lizards
  2 goblin simulacra (Ossuary)
  4 goblin zombies
  4 hobgoblin zombies (Ossuary)
  7 kobolds
  5 kobold simulacra (Ossuary)
  5 kobold zombies (Ossuary)
  7 orc zombies
  6 rats
  6 rat simulacra (Ossuary)
  6 spectral goblins (Ossuary)
  4 spectral kobolds (Ossuary)
  4 spectral rats (Ossuary)
218 creatures vanquished.

Vanquished Creatures (others)
  2 plants (D:1)
2 creatures vanquished.

Grand Total: 220 creatures vanquished

Notes
Turn   | Place    | Note
-------+----------+-------------------------------------------
     0 | D:1      | HoaS the Formicid Hunter began the quest for the Orb.
     0 | D:1      | Reached XP level 1. HP: 16/16 MP: 1/1
    78 | D:1      | Reached XP level 2. HP: 22/22 MP: 2/2
   203 | D:1      | Found a faded altar of an unknown god.
   243 | D:1      | Reached XP level 3. HP: 27/27 MP: 3/3
   369 | D:1      | Reached skill level 5 in Ranged Weapons
   791 | D:2      | Reached XP level 4. HP: 31/33 MP: 4/4
   907 | D:2      | Found Kouz's Armour Shoppe.
   924 | D:2      | Found Saekkeze's Magic Scroll Shoppe.
  1014 | D:2      | Found Tunog's Antique Armour Shoppe.
  1035 | D:2      | Found Ubou's Antique Armour Shoppe.
  1112 | D:2      | Reached skill level 6 in Ranged Weapons
  1112 | D:2      | Reached XP level 5. HP: 38/38 MP: 5/5
  1152 | D:2      | Found Likhliro's Jewellery Boutique.
  1322 | D:2      | Noticed Sigmund
  1654 | D:3      | Reached XP level 6. HP: 34/44 MP: 6/6
  1884 | D:3      | Noticed Natasha
  1895 | D:3      | Killed Natasha
  1896 | D:3      | Reached skill level 7 in Ranged Weapons
  2524 | D:3      | Noticed Natasha
  2535 | D:3      | Killed Natasha
  2554 | D:3      | Noticed Jessica
  2557 | D:3      | Killed Jessica
  2719 | D:2      | Bought a runed buckler for 150 gold pieces
  2750 | D:4      | Noticed Grinder
  2767 | D:3      | Noticed Natasha
  2770 | D:3      | Killed Natasha
  2881 | D:4      | Reached skill level 1 in Shields
  2881 | D:4      | Reached XP level 7. HP: 34/50 MP: 7/7
  2954 | D:4      | Noticed Menkaure
  3009 | D:2      | Identified a scroll of acquirement
  3009 | D:2      | Acquired a +1 pair of boots of stealth
  3161 | D:2      | Killed Sigmund
  3162 | D:2      | Reached skill level 8 in Ranged Weapons
  3587 | D:4      | Noticed Ijyb
  3602 | D:4      | Killed Ijyb
  3968 | D:5      | Entered Level 5 of the Dungeon
  4006 | D:5      | Reached XP level 8. HP: 55/56 MP: 8/8
  4055 | D:5      | Reached skill level 9 in Ranged Weapons
  4138 | D:5      | Noticed Edmund
  4232 | D:5      | Noticed a yak
  4428 | D:3      | Killed Grinder
  4446 | D:4      | Killed Menkaure
  4447 | D:4      | Reached skill level 10 in Ranged Weapons
  4582 | D:5      | Noticed a yak
  4582 | D:5      | Noticed a yak
  4693 | D:6      | Found a sand-covered staircase.
  4708 | Ossuary  | Entered an ossuary
  4820 | Ossuary  | Reached XP level 9. HP: 61/61 MP: 9/9
  5021 | Ossuary  | Reached skill level 11 in Ranged Weapons
  5302 | D:6      | Reached skill level 12 in Ranged Weapons
  5448 | D:6      | Identified the -1 pair of gloves "Vynn" {-Tele Str+5}
  5951 | D:5      | Killed Edmund
  6011 | D:5      | You fall into a shaft and drop 3 floors!
  6167 | D:8      | Noticed Maggie
  6201 | D:8      | HP: 1/56 [Maggie/the +9 lance "Wyrmbane" {slay drac, rPois
                  | rF+ rC+ AC+3} (14)]
  6203 | D:8      | Mangled by Maggie

Illustrated notes

Levels and vault maps discovered:
D:1:      sevenhm_arrival_forest_fort_small_4, layout_loops_cross,
          shapermc_ecumenical_altar_mp_ritualfount
D:2:      layout_loops_ring, serial_shops, nicolae_shop_crystal, shop, shop,
          shop_statue, nicolae_diamond_shop, hex_medium,
          amcnicky_mini_corridor_feature, minmay_tetromino_s4, uniq_sigmund
D:3:      kennysheep_six_static_rooms, layout_loops_ring, uniq_natasha,
          uniq_jessica
D:4:      layout_rooms, serial_corexii_hall, chequers_hall_statues_wall_a,
          corexii_hall_statues_t, uniq_grinder, uniq_ijyb, uniq_menkaure
D:5:      layout_cave_pools, minmay_misc_feat_room, uniq_edmund
D:6:      layout_basic, nicolae_ossuary_entry_giza
D:7:      layout_gridville, minmay_temple_entry_glass
D:8:      layout_loops_cross, dpeg_lair_monsters, serial_ice, serial_ice_n,
          serial_ice_h, serial_ice_e, serial_ice_k, serial_ice_d, serial_ice_f,
          wad_floor_pattern_2, minmay_diced_spiral, uniq_maggie

Skill      XL: |  1  2  3  4  5  6  7  8  9 |
---------------+----------------------------+-----
Ranged Weapons | 5 6 7 8 10 12 | 12.9
Shields        | 1 3 |  3.0
Fighting       | |  2.1
Dodging        | |  1.7
Stealth        | |  1.2

Action                     |  1- 3 |  4- 6 |  7- 9 || total
---------------------------+-------+-------+-------++-------
   Fire: Shortbow          |    69 |   206 |   413 ||   688
Ability: Dig               |       |       |     2 ||     2
         Shaft Self        |       |       |     1 ||     1
    Use: Scroll            |     2 |     6 |    12 ||    20
         Potion            |       |       |     2 ||     2
 Armour: Leather armour    |       |    21 |    18 ||    39
  Dodge: Dodged            |    15 |    69 |    72 ||   156
  Block: Buckler           |       |     2 |    38 ||    40
         Reflection        |       |       |     1 ||     1

Table legend: (Time is in decaauts)
 A = Elapsed time spent in this place.
 B = Non-inter-level travel time spent in this place.
 C = Inter-level travel time spent in this place.
 D = Time resting spent in this place.
 E = Time spent auto-exploring this place.
 F = Levels seen in this place.
 G = Mean time per level.
                   A        B        C        D        E       F      G
               +--------+--------+--------+--------+--------+-----+--------+
         Total |   6297 |   5797 |    500 |   1150 |   3032 |   9 |  699.7 |
       Dungeon |   5898 |   5398 |    500 |   1150 |   2881 |   8 |  737.2 |
       Ossuary |    399 |    399 |      0 |      0 |    151 |   1 |  399.0 |
               +--------+--------+--------+--------+--------+-----+--------+

Top non-repeatable levels by time:
     D:3: 1429 daAuts
     D:2: 1151 daAuts
     D:4: 968 daAuts
     D:6: 873 daAuts
     D:1: 793 daAuts
     D:5: 478 daAuts
 Ossuary: 399 daAuts
     D:8: 189 daAuts
     D:7: 12 daAuts
